 Dungeon Crawl Stone Soup version 0.22.1-2-g9c5b331383 (webtiles) character file.

149 arkonten the Cudgeler (level 5, -3/53 HPs)
             Began as a Troll Berserker on Dec 5, 2018.
             Was a Priest of Trog.
             Killed from afar by Natasha (5 damage)
             ... with a magic dart
             ... on level 4 of the Dungeon.
             The game lasted 00:31:38 (1967 turns).

arkonten the Cudgeler (Troll Berserker)             Turns: 1967, Time: 00:31:39

Health: -3/53      AC:  5    Str: 26    XL:     5   Next: 9%
Magic:  4/4        EV: 11    Int:  3    God:    Trog [***...]
Gold:   144        SH:  0    Dex:  9    Spells: 4/4 levels left

rFire    x . .     SeeInvis .   a - +1 mace
rCold    + . .     Gourm    +   (no shield)
rNeg     . . .     Faith    .   b - +0 animal skin
rPois    .         Spirit   .   (helmet restricted)
rElec    .         Reflect  .   (no cloak)
rCorr    .         Harm     .   (gloves unavailable)
MR       +....                  (boots unavailable)
Stlth    +.........             (no amulet)
HPRegen  0.57/turn              d - ring of ice
MPRegen  0.09/turn              t - ring of protection from magic

@: flying
A: large, unfitting armour, claws 3, fast metabolism 3, gourmand, regeneration
1, shaggy fur 1, tough skin 2
a: Berserk, Trog's Hand, Renounce Religion


You were on level 4 of the Dungeon.
You worshipped Trog.
Trog was most pleased with you.
You were very hungry.

You visited 1 branch of the dungeon, and saw 4 of its levels.

You collected 144 gold pieces.

Inventory:

Hand Weapons
 a - a +1 mace (weapon)
 f - a +0 club
 i - a +0 dagger
 k - a +3 whip
 p - a +0 spear
 q - a +0 spear
 u - a +0 short sword
 x - a +0 club
 y - a +0 short sword
 z - a +0 short sword
 B - a +0 dagger
 D - a +0 mace
 G - a +0 short sword
 J - a +0 dagger
Missiles
 l - 37 arrows
 s - 2 tomahawks (quivered)
Armour
 b - a +0 animal skin (worn)
 h - a +0 robe
 n - a +0 chain mail
 r - a +0 robe
 v - a +0 scale mail
 w - a +0 ring mail
 H - a +0 leather armour
 I - a +0 leather armour
Jewellery
 d - a ring of ice (left claw)
 t - a ring of protection from magic (right claw)
 K - an uncursed ring of wizardry
Scrolls
 g - 2 scrolls of remove curse
 F - 4 scrolls of identify {unknown}
Potions
 m - a potion of ambrosia {unknown}
 o - 2 potions of haste {unknown}
Comestibles
 c - 3 rations


   Skills:
 + Level 3.0 Fighting
 + Level 3.9 Maces & Flails
 + Level 3.5 Dodging
 + Level 0.1 Stealth


You had 4 spell levels left.
You didn't know any spells.
Your spell library was empty.

Dungeon Overview and Level Annotations

Branches:
Dungeon (4/15)
 Temple: D:4-7

Altars:

Shops:
D:2 *

Annotations:
D:3 Purgy
D:4 Natasha, Robin


Innate Abilities, Weirdness & Mutations

You are too large for most types of armour.
You have claws for hands.
Your metabolism is lightning-fast.
You like to eat raw meat.
Your natural rate of healing is unusually fast.
You are covered in fur. (AC +1)
You have very tough skin. (AC +2)


Message History

You kill the hobgoblin!
Trog accepts your kill.
Robin roars a battlecry!
The goblins go into a battle-frenzy!
The goblin hits you. The goblin hits you with a club. x2
The hobgoblin closely misses you.
The hobgoblin hits you but does no damage.
Natasha stares at you and mumbles some strange words.
The magic dart hits you!
* * * LOW HITPOINT WARNING * * *
You thump Natasha!
Natasha is almost dead.
The goblin hits you but does no damage. The goblin hits you with a club.
* * * LOW HITPOINT WARNING * * *
The goblin hits you with a club.
* * * LOW HITPOINT WARNING * * *
The hobgoblin barely misses you.
Natasha stares at you and mumbles some strange words.
The magic dart hits you!
You die...

#.# # #.# #. #.#
.##.# ...#######
# #g.......#
#...###gg......#
#....h@gg.....#
....###ggg.....#
. #ggg.....#
#g.!.....#
##########


You could see Robin, Natasha, 5 hobgoblins and 6 goblins.

Vanquished Creatures
  An orc wizard (D:3)
  A bullfrog skeleton (D:3)
  2 adders
  3 worms
  3 leopard geckos
  4 orcs (D:3)
  4 giant cockroaches
  6 goblins
  4 hobgoblins
  5 jackals
  A quokka (D:3)
  7 bats
  7 frilled lizards
  6 kobolds
  7 rats
61 creatures vanquished.

Notes
Turn   | Place    | Note
-------+----------+-------------------------------------------
     0 | D:1      | arkonten the Troll Berserker began the quest for the Orb.
     0 | D:1      | Reached XP level 1. HP: 22/22 MP: 0/0
   284 | D:1      | Reached XP level 2. HP: 29/29 MP: 1/1
   912 | D:2      | Reached ** piety under Trog
   912 | D:2      | Reached XP level 3. HP: 32/36 MP: 2/2
  1081 | D:2      | Found Zin's Purification Station.
  1582 | D:3      | Reached XP level 4. HP: 40/44 MP: 3/3
  1649 | D:3      | Noticed Purgy
  1799 | D:3      | Reached *** piety under Trog
  1896 | D:3      | Reached XP level 5. HP: 47/53 MP: 4/4
  1959 | D:4      | Noticed Robin
  1961 | D:4      | Noticed Natasha
  1967 | D:4      | HP: 2/53 [goblin/club[Robin] (5)]
  1967 | D:4      | Killed from afar by Natasha

Skill      XL: |  1  2  3  4 |
---------------+-------------+-----
Maces & Flails | 3 |  3.9
Dodging        | 3 |  3.5
Fighting       | 3 |  3.0
Stealth        | |  0.1

Action                   |  1- 3 |  4- 6 || total
-------------------------+-------+-------++-------
Melee: Mace              |   163 |    68 ||   231
  Use: Scroll            |     7 |       ||     7
       Potion            |       |     1 ||     1
  Eat: Chunk             |     9 |     2 ||    11
       Ration            |     1 |       ||     1
Armor: Animal skin       |   103 |   100 ||   203
Dodge: Dodged            |   125 |   155 ||   280
